 Dungeon Crawl Stone Soup version 0.18-a0-844-g9229740 (webtiles) character file.

326 JokEr the Insei (level 6, -9/42 HPs)
             Began as an Octopode Transmuter on Dec 19, 2015.
             Mangled by an ogre
             ... wielding a +0 giant club
              (28 damage)
             ... on level 4 of the Dungeon.
             The game lasted 00:07:43 (2326 turns).

JokEr the Insei (Octopode Transmuter)               Turns: 2326, Time: 00:07:43

Health: -9/42      AC:  1    Str:  9    XL:     6   Next: 49%
Magic:  9/9        EV: 12    Int: 18    God:
Gold:   146        SH:  0    Dex: 12    Spells: 2 memorised, 4 levels left

rFire  . . .     SeeInvis .       - Unarmed
rCold  . . .     Gourm    .     (no shield)
rNeg   . . .     Faith    .     (helmet restricted)
rPois  .         Spirit   .     d - amulet of regeneration
rElec  .         Dismiss  .     g - +4 ring of slaying
rCorr  .         Reflect  .     (no ring)
SustAt .         Harm     .     (no ring)
MR     .....                    (no ring)
Stlth  ++........               (no ring)
                                (no ring)
                                (no ring)
                                (no ring)

@: appendage (expiring), not resistant to hostile enchantments, unstealthy
A: almost no armour, amphibious, 8 rings, constrict 8, tentacle spike 3,
camouflage 1, gelatinous body 1
a: End Transformation


You were on level 4 of the Dungeon.
You were not hungry.
One of your tentacles had a temporary spike.
You visited 1 branch of the dungeon, and saw 4 of its levels.

You collected 146 gold pieces.

Inventory:

Missiles
 a - 50 arrows
Jewellery
 d - an amulet of regeneration (around mantle)
 g - a +4 ring of slaying (left tentacle)
Scrolls
 h - 2 scrolls of recharging
 l - a scroll of remove curse
Potions
 e - a potion of magic {unknown}
 f - a potion of agility {unknown}
 i - a potion of curing
 k - 2 potions of mutation {unknown}
 o - a potion of brilliance {unknown}
 p - a potion of flight {unknown}
Books
 b - a book of Changes

   Spells                             Type                      Level
   a - Beastly Appendage              Transmutation                1
   b - Sticks to Snakes               Transmutation                2
   c - Spider Form                    Transmutation/Poison         3
   d - Ice Form                       Ice/Transmutation            4
   e - Blade Hands                    Transmutation                5


   Skills:
 + Level 3.6 Fighting
 - Level 2.0 Dodging
 + Level 4.6 Unarmed Combat
 - Level 2.0 Spellcasting
 - Level 4.2 Transmutations
 + Level 0.0 Ice Magic


You had 4 spell levels left.
You knew the following spells:

 Your Spells              Type           Power        Failure   Level  Hunger
a - Beastly Appendage     Trmt           ###...       3%          1    #......
b - Ice Form              Ice/Trmt       #.......     78%         4    #####..


Dungeon Overview and Level Annotations

Branches:
Dungeon (4/15)
 Temple: D:4-7

Altars:
Dithmenos
Pakellas
The Shining One


Innate Abilities, Weirdness & Mutations

You cannot wear most types of armour.
You are amphibious.
You can wear up to eight rings at the same time.
You can use your tentacles to constrict eight enemies at once.
Your skin changes colour to match your surroundings (Stealth).
Your rubbery body absorbs attacks (AC +1).
One of your tentacles bears a large vicious spike.


Message History

The ogre closely misses you.
You barely miss the ogre.
The ogre is moderately wounded.
You tentacle-slap the ogre.
The ogre is moderately wounded.
The ogre closely misses you. The worker ant bites you!
You tentacle-slap the ogre.
The ogre is heavily wounded.
The worker ant closely misses you. The ogre hits you with a giant club!!
Ouch! That really hurt!
* * * LOW HITPOINT WARNING * * *
Read which item? (? for menu, Esc to quit)
Okay, then.
Drink which item? (? for menu, Esc to quit)
It was a potion of curing.
You feel better. The worker ant closely misses you.
Drink which item? (? for menu, Esc to quit)
You feel better. The worker ant bites you.
The ogre hits you with a giant club!!
Ouch! That really hurt!
You die...

########
......##
....... #
##....#.##
#.##....%....
#..........#
######.###.#.#
#....O.....#.
##...@a...!..#
##.....##.....
#......# .####
#......# .
###....#####
#....).....
###.#.#####
#<..#...
#########


You could see an ogre and a worker ant.

Vanquished Creatures
  The ghost of JokEr the Insei, an amateur OpTm (D:3)
  Natasha (twice) (D:3)
  4 adders
  2 oozes
  2 worms
  An orc (D:3)
  3 bats
  10 hobgoblins
  3 quokkas
  2 ball pythons
  3 giant cockroaches
  2 giant newts (D:3)
  11 goblins
  3 jackals (D:2)
  5 kobolds
  2 rats
56 creatures vanquished.

Notes
Turn   | Place    | Note
--------------------------------------------------------------
     0 | D:1      | JokEr the Octopode Transmuter began the quest for the Orb.
     0 | D:1      | Reached XP level 1. HP: 13/13 MP: 3/3
   548 | D:1      | Reached XP level 2. HP: 18/18 MP: 3/5
   573 | D:1      | Found a glowing golden altar of the Shining One.
   931 | D:2      | Found a shadowy altar of Dithmenos.
  1037 | D:2      | Reached XP level 3. HP: 22/24 MP: 4/6
  1348 | D:2      | Reached XP level 4. HP: 22/29 MP: 5/7
  1398 | D:2      | Found an oddly glowing altar of Pakellas.
  1653 | D:3      | Noticed JokEr's ghost (amateur OpTm)
  1767 | D:3      | Killed JokEr's ghost
  1767 | D:3      | Reached skill level 4 in Unarmed Combat
  1767 | D:3      | Reached XP level 5. HP: 6/36 MP: 8/8
  1767 | D:3      | Reached XP level 6. HP: 7/42 MP: 9/9
  1903 | D:3      | Noticed Natasha
  1924 | D:3      | Killed Natasha
  2203 | D:3      | Noticed Natasha
  2208 | D:3      | Killed Natasha
  2290 | D:3      | Learned a level 4 spell: Ice Form
  2326 | D:4      | Mangled by an ogre

Vault maps used:
D:1:      eino_arrival_water_cross, tso_metal_star
D:2:      kennysheep_the_goblin_king, grunt_dithmenos_smoke,
          grunt_pakellas_basics
D:3:      uniq_natasha
D:4:      first_bread

Action                   |  1- 3 |  4- 6 || total
-------------------------+-------+-------++-------
Melee: Unarmed           |    54 |    50 ||   104
 Cast: Beastly Appendage |    25 |    17 ||    42
  Use: Scroll            |     6 |     4 ||    10
       Potion            |       |     2 ||     2
 Stab: Sleeping          |     4 |     2 ||     6
  Eat: Chunk             |     2 |     1 ||     3
       Bread ration      |       |     1 ||     1
